 Dungeon Crawl Stone Soup version 0.32-a0-42-ga30500b4d3 (webtiles) character file.

Game seed: 12926920986050747034

66 Atlas the Magician (level 3, -1/24 HPs)
             Began as a Mummy Fire Elementalist on Jan 31, 2024.
             Slain by Terence
             ... wielding a +2 falchion of protection
              (6 damage)
             ... on level 1 of the Dungeon.
             The game lasted 00:02:42 (2616 turns).

Atlas the Magician (Mummy Fire Elementalist)        Turns: 2616, Time: 00:02:42

Health: -1/24      AC:  4    Str: 11    XL:     3   Next: 96%
Magic:  0/8        EV: 12    Int: 16    God:
Gold:   64         SH:  0    Dex: 12    Spells: 6/9 levels left

rFire   . . .        (no weapon)
rCold   . . .        (no shield)
rNeg    + + +        a - +1 robe
rPois   ∞            g - +0 helmet
rElec   .            (no cloak)
rCorr   .            (no gloves)
SInv    .            (no boots)
Will    .....        (no amulet)
Stlth   ++           b - ring of fire
HPRegen 0.24/turn    (no ring)
MPRegen 0.11/turn

%: faith
@: very slightly contaminated
A: cold resistance 1, negative energy resistance 3, torment resistance 2, heat
vulnerability 1, in touch with death 1, no potions, faith
a: no special abilities


You were on level 1 of the Dungeon.
You visited 1 branch of the dungeon, and saw 2 of its levels.

You collected 64 gold pieces.

Inventory:

Armour
 a - a +1 robe (worn)
 g - a +0 helmet (worn)
Jewellery
 b - a ring of fire (left hand)
Scrolls
 c - a scroll of blinking {unknown}
 d - a scroll of poison {unknown}
 f - a scroll of teleportation {unknown}


   Skills:
 + Level 1.9 Dodging
 + Level 1.6 Stealth
 + Level 3.6 Spellcasting
 + Level 1.4 Conjurations
 + Level 3.1 Fire Magic


You had 6 spell levels left.
You knew the following spells:

 Your Spells              Type           Power      Damage    Failure   Level
a - Scorch                Fire           38%        2d6       8%          2
b - Foxfire               Conj/Fire      60%        2x1d7     7%          1

Your spell library contained the following spells:

 Spells                   Type           Power      Damage    Failure   Level
 Inner Flame              Hex/Fire       11%        N/A       28%         3
 Volatile Blastmotes      Fire/Tloc      22%        2d11      28%         3
 Flame Wave               Conj/Fire      15%        2d7       56%         4


Dungeon Overview and Level Annotations

Branches:
Dungeon (2/15)

Altars:

Annotations:
D:1 Terence


Innate Abilities, Weirdness & Mutations

You are immune to poison.
Your flesh is cold resistant. (rC+)
You are immune to negative energy. (rN+++)
You are immune to unholy pain and torment.
You are vulnerable to heat. (rF-)
You are in touch with the powers of death.
You do not drink.
You have a special connection with the divine. (Faith)


Message History

You feel a surge of power!
Flames lash Terence but do no damage.
Terence shouts, "Now you die!" Terence closely misses you.
The hobgoblin closely misses you.
Unknown command.
Casting: Scorch (safe; 8% risk of failure)
Confirm with . or Enter, or press ? or * to list all spells.
You feel a surge of power!
You miscast Scorch.
You are very lightly contaminated with residual magic.
Nothing appears to happen.
Terence hits you with a +2 falchion of protection.
The hobgoblin hits you.
Casting: Scorch (safe; 8% risk of failure)
Confirm with . or Enter, or press ? or * to list all spells.
You feel a surge of power!
Flames lash Terence.
Terence is moderately wounded.
Terence's fire resistance burns away.
Terence hits you with a +2 falchion of protection.
The hobgoblin closely misses you.
You hit the hobgoblin but do no damage.
The hobgoblin is almost dead.
The hobgoblin is no longer more vulnerable to fire.
Terence closely misses you. The hobgoblin closely misses you.
You barely miss the hobgoblin.
The hobgoblin is almost dead.
Terence hits you with a +2 falchion of protection.
The hobgoblin hits you.
* * * LOW HITPOINT WARNING * * *
You closely miss the hobgoblin.
The hobgoblin is almost dead.
Terence barely misses you. The hobgoblin hits you.
* * * LOW HITPOINT WARNING * * *
Unknown command.
You can't drink.
As you read the scroll labelled DOWKUNL NOEXUDD, it crumbles to dust.
It is a scroll of enchant armour.
Your +0 robe glows green for a moment.
Terence is no longer more vulnerable to fire.
Terence hits you with a +2 falchion of protection.
You die...
Terence says, "That felt goooood."

..'.........'.......#
###)........####...##
##.......## ##..#
##.....## ##.#
##...## #.# ##'## #.#
#.# #.#
#####.##########.#
#............@@g.#
###.##....##########
....#.....#
##..##....#
#..##..#.# #.....##.#
##.#####.# #.......#
#########


You could see Terence and a hobgoblin.

Vanquished Creatures
  Robin (D:1)
  A dart slug (D:1)
  A ribbon worm (D:2)
  3 bats
  2 endoplasms (D:1)
  A giant cockroach (D:1)
  15 goblins
  10 hobgoblins
  4 ball pythons (D:1)
  4 kobolds (D:1)
  2 rats
44 creatures vanquished.

Vanquished Creatures (others)
  167 foxfires
167 creatures vanquished.

Grand Total: 211 creatures vanquished

Notes
Turn   | Place    | Note
-------+----------+-------------------------------------------
     0 | D:1      | Atlas the Mummy Fire Elementalist began the quest for the
                  | Orb.
     0 | D:1      | Reached XP level 1. HP: 13/13 MP: 4/4
   314 | D:1      | Reached XP level 2. HP: 19/19 MP: 2/5
   743 | D:1      | Reached skill level 1 in Conjurations
  1113 | D:1      | Reached XP level 3. HP: 24/24 MP: 4/7
  1116 | D:1      | Learned a level 2 spell: Scorch
  1909 | D:2      | Noticed Robin
  2088 | D:1      | Killed Robin
  2426 | D:2      | Noticed Terence
  2616 | D:1      | Slain by Terence

Illustrated notes

Levels and vault maps discovered:
D:1:      nicolae_arrival_washed_ashore, layout_loops_corners
D:2:      layout_basic, hangedman_decor_clover_reticule, uniq_robin,
          uniq_natasha, uniq_terence

Skill      XL: |  1  2  3 |
---------------+----------+-----
Conjurations   | 1 |  1.4
Fire Magic     | 3 |  3.1
Spellcasting   | 3 |  3.6
Dodging        | |  1.9
Stealth        | |  1.6

Action                     || total
---------------------------++-------
  Melee: Unarmed           ||     8
   Cast: Foxfire           ||    98
         Scorch            ||    15
    Use: Scroll            ||     1
 Armour: Robe              ||    29
  Dodge: Dodged            ||    34

Table legend: (Time is in decaauts)
 A = Elapsed time spent in this place.
 B = Non-inter-level travel time spent in this place.
 C = Inter-level travel time spent in this place.
 D = Time resting spent in this place.
 E = Time spent auto-exploring this place.
 F = Levels seen in this place.
 G = Mean time per level.
                   A        B        C        D        E       F      G
               +--------+--------+--------+--------+--------+-----+--------+
         Total |   2619 |   2569 |     50 |    100 |   2161 |   2 | 1309.5 |
       Dungeon |   2619 |   2569 |     50 |    100 |   2161 |   2 | 1309.5 |
               +--------+--------+--------+--------+--------+-----+--------+

Top non-repeatable levels by time:
     D:1: 2093 daAuts
     D:2: 526 daAuts
